[Event "ICC tourney 1979 (3 2)"]
[Site "Internet Chess Club"]
[Date "2020.08.28"]
[Round "5"]
[White "Jeffchess"]
[Black "stgummadi"]
[Result "1-0"]
[ICCResult "Black resigns"]
[WhiteElo "1296"]
[BlackElo "1073"]
[Opening "Sicilian: closed"]
[ECO "B23"]
[NIC "SI.44"]
[Time "20:50:48"]
[TimeControl "180+2"]

1. e4 c5 2. Nc3 d6 3. Nf3 Nc6 4. Bb5 Bd7 5. Nd5 e6 6. Ne3 a6 7. Bxc6 Bxc6 8.
d3 Nf6 9. h3 Be7 10. O-O O-O 11. Re1 Qc7 12. Nf1 d5 13. e5 Nd7 14. Bf4 b5
15. d4 cxd4 16. Qxd4 Bc5 17. Qd2 a5 18. c3 b4 19. Nd4 Bb7 20. Rad1 Ba6 21.
Ng3 Nb6 22. Rc1 Nc4 23. Qc2 Rac8 24. b3 Na3 25. Qb2 Qb6 26. Be3 bxc3 27.
Rxc3 Bb4 28. Rxc8 Rxc8 29. Rd1 Qc6 30. Nxc6 Rxc6 31. Rc1 {Black resigns} 1-0

[Event "ICC tourney 1979 (3 2)"]
[Site "Internet Chess Club"]
[Date "2020.08.28"]
[Round "5"]
[White "oxdidi"]
[Black "UltimateDL"]
[Result "1-0"]
[ICCResult "Black checkmated"]
[WhiteElo "1133"]
[BlackElo "1199"]
[Opening "Sicilian defense"]
[ECO "B30"]
[NIC "SI.31"]
[Time "20:51:06"]
[TimeControl "180+2"]

1. e4 c5 2. Nf3 Nc6 3. Bc4 e6 4. O-O a6 5. Nc3 b5 6. Be2 Be7 7. d4 cxd4 8.
Nxd4 Nxd4 9. Qxd4 Bf6 10. e5 Be7 11. Bf3 Rb8 12. Qa7 Qb6 13. Qxb6 Rxb6 14.
Be3 Rb8 15. Ba7 Rb7 16. Bxb7 Bxb7 17. Bd4 d6 18. exd6 Bxd6 19. Bxg7 Nf6 20.
Bxh8 Ng4 21. g3 Ne5 22. Rfd1 Nf3+ 23. Kg2 Nd2+ 24. Kh3 Nc4 25. b3 Bf3 26.
Rd3 Be2 27. Nxe2 h5 28. bxc4 h4 29. Rxd6 hxg3 30. Bf6 gxf2 31. Rd8#
{Black checkmated}
1-0

[Event "ICC tourney 1979 (3 2)"]
[Site "Internet Chess Club"]
[Date "2020.08.28"]
[Round "5"]
[White "nbankulla"]
[Black "auggie29"]
[Result "0-1"]
[ICCResult "White checkmated"]
[WhiteElo "1162"]
[BlackElo "1254"]
[Opening "French: advance, Nimzovich system"]
[ECO "C02"]
[NIC "FR.03"]
[Time "20:50:53"]
[TimeControl "180+2"]

1. e4 e6 2. d4 d5 3. e5 c5 4. Nf3 Nc6 5. Nc3 Qb6 6. Bb5 a6 7. Ba4 Qc7 8.
Bxc6+ bxc6 9. Be3 cxd4 10. Bxd4 c5 11. Be3 d4 12. Bxd4 cxd4 13. Qxd4 Bc5 14.
Qg4 g6 15. Qc4 Bxf2+ 16. Kxf2 Qxc4 17. Rhd1 Ne7 18. Rd3 O-O 19. Rad1 Bb7 20.
b3 Qc8 21. Ng5 h6 22. Nf3 Bxf3 23. Rxf3 Nf5 24. Ne4 Qxc2+ 25. Rd2 Qxe4 26.
Re2 Qxe2+ 27. Kxe2 Nd4+ 28. Ke3 Nxf3 29. gxf3 Rfd8 30. Ke4 Rac8 31. h4 Rc2
32. a3 Rc3 33. b4 Rxa3 34. f4 Rb3 35. b5 Rxb5 36. f5 a5 37. h5 gxf5+ 38. Kf4
a4 39. Kg3 a3 40. Kf2 a2 41. Ke1 Rb2 42. Kf1 a1=Q# {White checkmated} 0-1

[Event "ICC tourney 1979 (3 2)"]
[Site "Internet Chess Club"]
[Date "2020.08.28"]
[Round "5"]
[White "BillietheKid"]
[Black "ab4gm"]
[Result "1-0"]
[ICCResult "Black resigns"]
[WhiteElo "1463"]
[BlackElo "1371"]
[Opening "Ruy Lopez: classical defense, 4.c3"]
[ECO "C64"]
[NIC "RL.01"]
[Time "20:50:41"]
[TimeControl "180+2"]

1. e4 e5 2. Nf3 Nc6 3. Bb5 Bc5 4. c3 Nf6 5. Qe2 d6 6. O-O O-O 7. Rd1 Bg4 8.
d3 Nh5 9. Be3 Bxe3 10. fxe3 Qf6 11. Rf1 Qg6 12. Nbd2 a6 13. Bc4 b5 14. Bb3
Rfe8 15. Qf2 Rf8 16. Bd5 Bd7 17. Nh4 Qg5 18. Nf5 Rad8 19. h4 Qg6 20. Bxc6
Bxc6 21. Ne7+ Kh8 22. Nxg6+ hxg6 23. Nf3 f5 24. Qe1 fxe4 25. Ng5 Kg8 26. Ne6
Rxf1+ 27. Qxf1 Re8 28. Nxc7 Re7 29. Nxa6 exd3 30. Qxd3 Rf7 31. Qxd6 Be4 32.
Qxe5 Bb7 33. Nc5 Bc6 34. Rf1 Rxf1+ 35. Kxf1 Kh7 36. Ke2 Bxg2 37. Ne6 Bh3 38.
Ng5+ Kh6 39. Nxh3 {Black resigns} 1-0

[Event "ICC tourney 1979 (3 2)"]
[Site "Internet Chess Club"]
[Date "2020.08.28"]
[Round "5"]
[White "wildrumpus"]
[Black "ztraynor"]
[Result "1-0"]
[ICCResult "Black checkmated"]
[WhiteElo "1275"]
[BlackElo "1119"]
[Opening "Dutch"]
[ECO "A80"]
[NIC "HD.12"]
[Time "20:50:34"]
[TimeControl "180+2"]

1. d4 f5 2. Nf3 e6 3. e3 Nf6 4. Be2 Be7 5. O-O O-O 6. b3 Ne4 7. Bb2 d6 8. c4
c5 9. dxc5 dxc5 10. Qxd8 Rxd8 11. Nc3 Nxc3 12. Bxc3 Nc6 13. Rad1 Rxd1 14.
Rxd1 b6 15. Ne5 Nxe5 16. Bxe5 Bb7 17. Rd7 Bxg2 18. Rxe7 Be4 19. Rxg7+ Kf8
20. Rxh7 Re8 21. Rh8+ Ke7 22. Rxe8+ Kxe8 23. f3 Bb1 24. a3 Ba2 25. Bd1 Kd7
26. Bc2 Kc6 27. h4 b5 28. cxb5+ Kxb5 29. h5 a5 30. h6 a4 31. bxa4+ Ka5 32.
h7 Bc4 33. h8=Q Be2 34. Qa8+ Kb6 35. Qb8+ Ka5 36. Bc7+ Ka6 37. Qb6#
{Black checkmated}
1-0

[Event "ICC tourney 1979 (3 2)"]
[Site "Internet Chess Club"]
[Date "2020.08.28"]
[Round "5"]
[White "chessrex"]
[Black "OctopusYule"]
[Result "1-0"]
[ICCResult "Black checkmated"]
[WhiteElo "1955"]
[BlackElo "1584"]
[Opening "Blackmar-Diemer: Euwe defense"]
[ECO "A45"]
[NIC "QP.07"]
[Time "20:50:40"]
[TimeControl "180+2"]

1. d4 Nf6 2. f3 d5 3. e4 dxe4 4. Nc3 exf3 5. Nxf3 e6 6. Bg5 Be7 7. Bd3 h6 8.
Bf4 Nc6 9. O-O O-O 10. Qd2 Nb4 11. Bc4 Nbd5 12. Be5 c6 13. a3 Ng4 14. h3
Nge3 15. Qe2 Nxf1 16. Rxf1 Bf6 17. Bd3 Bxe5 18. Nxe5 Qg5 19. Rf3 Nf4 20. Qd2
Nxd3 21. Qxd3 Rd8 22. Nxf7 Qc1+ 23. Rf1 Qxb2 24. Nxd8 Bd7 25. Nf7 Rf8 26.
Qg6 Qxc3 27. Nxh6+ Kh8 28. Rxf8# {Black checkmated} 1-0

[Event "ICC tourney 1979 (3 2)"]
[Site "Internet Chess Club"]
[Date "2020.08.28"]
[Round "5"]
[White "strangerthingz"]
[Black "kushagra12"]
[Result "1-0"]
[ICCResult "Black checkmated"]
[WhiteElo "1325"]
[BlackElo "1389"]
[Opening "Sicilian: Pelikan (Lasker/Sveshnikov) variation"]
[ECO "B33"]
[NIC "SI.35"]
[Time "20:50:50"]
[TimeControl "180+2"]

1. e4 c5 2. Nf3 Nc6 3. d4 cxd4 4. Nxd4 Nf6 5. Nc3 e5 6. Nb3 Bb4 7. f3 d5 8.
exd5 Nxd5 9. Bd2 Nxc3 10. Bxc3 Qxd1+ 11. Rxd1 Bxc3+ 12. bxc3 O-O 13. Bd3 a5
14. O-O a4 15. Nc5 b6 16. Ne4 f5 17. Bc4+ Kh8 18. Nd6 Nd8 19. Rfe1 e4 20.
Nf7+ Nxf7 21. Bxf7 Bb7 22. Bd5 Bxd5 23. Rxd5 exf3 24. gxf3 Rae8 25. Rxe8
Rxe8 26. Kf2 g6 27. Rb5 Rb8 28. c4 Kg7 29. c5 Rc8 30. cxb6 Rxc2+ 31. Kg3 Rc8
32. b7 Rb8 33. Kf4 Kf7 34. Ke5 Ke7 35. h4 Kd7 36. Kf6 Kc6 37. Rb1 Rxb7 38.
Rxb7 Kxb7 39. Kg7 Kc6 40. Kxh7 Kd5 41. Kxg6 Kc4 42. h5 Kc3 43. h6 Kb2 44. h7
Kxa2 45. h8=Q Kb3 46. Qa1 a3 47. Kxf5 a2 48. Ke5 Ka3 49. f4 Kb3 50. f5 Kc4
51. Qxa2+ Kd3 52. Qa4 Ke3 53. f6 Kf2 54. f7 Ke3 55. f8=Q Kd2 56. Qfa3 Ke2
57. Qc2+ Kf1 58. Qac1# {Black checkmated} 1-0

[Event "ICC tourney 1979 (3 2)"]
[Site "Internet Chess Club"]
[Date "2020.08.28"]
[Round "5"]
[White "JGroder"]
[Black "EsatERGIN"]
[Result "1-0"]
[ICCResult "Black checkmated"]
[WhiteElo "1500"]
[BlackElo "1654"]
[Opening "Ruy Lopez: exchange variation"]
[ECO "C68"]
[NIC "RL.08"]
[Time "20:50:39"]
[TimeControl "180+2"]

1. e4 e5 2. Nf3 Nc6 3. Bb5 a6 4. Bxc6 dxc6 5. h3 Bc5 6. O-O Qe7 7. b3 Nf6 8.
d3 O-O 9. Bb2 Nd7 10. a4 f6 11. Nbd2 b5 12. axb5 cxb5 13. Re1 Bb6 14. Nf1
Nc5 15. Ne3 c6 16. Nd2 Ne6 17. Ndf1 Nf4 18. Ng3 Qf7 19. Ngf5 Qg6 20. Ne7+
Kh8 21. Nxg6+ hxg6 22. Bc3 Be6 23. Ba5 Bd4 24. c3 Ba7 25. d4 exd4 26. cxd4
g5 27. Nf5 g6 28. Ng3 Kg7 29. Bb4 Rh8 30. Bc5 Bxc5 31. dxc5 Rad8 32. Rxa6
Rxd1 33. Rxd1 Bxb3 34. Rd7+ Kh6 35. Rxc6 Ba4 36. Rxf6 b4 37. Nf5+ Kh5 38.
g4# {Black checkmated} 1-0

[Event "ICC tourney 1979 (3 2)"]
[Site "Internet Chess Club"]
[Date "2020.08.28"]
[Round "5"]
[White "blackjack721"]
[Black "VirginiaGuy"]
[Result "1-0"]
[ICCResult "Black forfeits on time"]
[WhiteElo "1325"]
[BlackElo "1279"]
[Opening "French: advance variation"]
[ECO "C02"]
[NIC "FR.03"]
[Time "20:51:07"]
[TimeControl "180+2"]

1. e4 e6 2. d4 d5 3. e5 c5 4. c3 cxd4 5. cxd4 Bb4+ 6. Nc3 Nc6 7. Be3 Qa5 8.
Bb5 Bxc3+ 9. bxc3 Qxb5 10. Ne2 Nge7 11. O-O Nf5 12. a4 Qb6 13. Bf4 O-O 14.
g4 Nh4 15. Ng3 Ng6 16. Be3 Qd8 17. f4 Qh4 18. Qf3 b6 19. Bf2 Qe7 20. Nh5 Ba6
21. Rfe1 Qd8 22. f5 exf5 23. gxf5 Nge7 24. f6 gxf6 25. Nxf6+ Kg7 26. Qh5 Rh8
27. Be3 {Black forfeits on time} 1-0

[Event "ICC tourney 1979 (3 2)"]
[Site "Internet Chess Club"]
[Date "2020.08.28"]
[Round "5"]
[White "aryababu25"]
[Black "Snowzera"]
[Result "1-0"]
[ICCResult "Black checkmated"]
[WhiteElo "1367"]
[BlackElo "1191"]
[Opening "QGD Slav: 4.Nc3"]
[ECO "D15"]
[NIC "SL.03"]
[Time "20:50:36"]
[TimeControl "180+2"]

1. d4 d5 2. c4 c6 3. Nc3 Nf6 4. Nf3 Bg4 5. e3 e6 6. Be2 Bxf3 7. Bxf3 Bb4 8.
Bd2 Bxc3 9. Bxc3 Nbd7 10. O-O Qe7 11. Re1 e5 12. Qb3 O-O 13. Bb4 c5 14. dxc5
Nxc5 15. Qa3 b6 16. cxd5 Qc7 17. d6 Qxd6 18. Bxa8 Rxa8 19. Red1 Qc7 20. Rac1
Nfe4 21. f3 Nf6 22. Bxc5 bxc5 23. Rxc5 Qb6 24. Rxe5 Rc8 25. h3 h6 26. Kh2
Qc7 27. f4 Qb6 28. g4 Rc2+ 29. Kg3 h5 30. g5 h4+ 31. Kxh4 Nh7 32. Re8+ Nf8
33. Qxf8+ Kh7 34. Qh8+ Kg6 35. Qh5+ Kf5 36. Re5# {Black checkmated} 1-0

[Event "ICC tourney 1979 (3 2)"]
[Site "Internet Chess Club"]
[Date "2020.08.28"]
[Round "5"]
[White "kurohaze"]
[Black "jthebest"]
[Result "1/2-1/2"]
[ICCResult "Game drawn by repetition"]
[WhiteElo "1351"]
[BlackElo "1238"]
[Opening "Queen's pawn game, Krause variation"]
[ECO "D02"]
[NIC "QP.08"]
[Time "20:50:35"]
[TimeControl "180+2"]

1. d4 d5 2. Nf3 c5 3. dxc5 Nc6 4. c3 e5 5. g3 Bxc5 6. b4 Bb6 7. Bg2 Nf6 8.
Bb2 O-O 9. O-O Bg4 10. a4 a6 11. Re1 Ne4 12. e3 Qf6 13. Nbd2 Nxd2 14. Qxd2
Bxf3 15. Bxf3 Qxf3 16. b5 axb5 17. axb5 Rxa1 18. Rxa1 Ne7 19. c4 dxc4 20.
Bxe5 Ng6 21. Bd4 Bxd4 22. Qxd4 Qe2 23. h3 h6 24. Rc1 Rc8 25. Qd7 Ra8 26.
Qxb7 Ra2 27. Rf1 c3 28. Qc8+ Kh7 29. b6 Ne7 30. Qxc3 Rc2 31. Qb3 Nc6 32.
Qxf7 Rb2 33. b7 Qa6 34. Qf5+ Kh8 35. Qf8+ Kh7 36. Qf5+ Kh8 37. Qf8+ Kh7 38.
Qf5+ Kh8 39. Qf8+ Kh7 {Game drawn by repetition} 1/2-1/2

[Event "ICC tourney 1979 (3 2)"]
[Site "Internet Chess Club"]
[Date "2020.08.28"]
[Round "5"]
[White "ChessMonkey123"]
[Black "Checkmatestone"]
[Result "0-1"]
[ICCResult "White checkmated"]
[WhiteElo "1357"]
[BlackElo "1455"]
[Opening "Giuoco Piano"]
[ECO "C54"]
[NIC "IG.02"]
[Time "20:50:49"]
[TimeControl "180+2"]

1. e4 e5 2. Nf3 Nc6 3. Bc4 Bc5 4. c3 Nf6 5. d4 exd4 6. e5 Ne4 7. cxd4 Bb4+
8. Bd2 Nxd2 9. Nbxd2 O-O 10. O-O d5 11. exd6 Bxd6 12. Ne4 Bg4 13. Neg5 h6
14. Nxf7 Rxf7 15. Bxf7+ Kxf7 16. Qb3+ Kf8 17. d5 Ne5 18. Nd4 Qh4 19. h3 Re8
20. hxg4 Nxg4 21. Nf3 Bh2+ 22. Kh1 Qh5 23. Qb4+ Bd6+ 24. Kg1 Bxb4 25. a3 Bd6
26. g3 Qh3 27. Rfe1 Bxg3 28. Rxe8+ Kxe8 29. Re1+ Kd8 30. Ne5 Bxf2#
{White checkmated}
0-1

[Event "ICC tourney 1979 (3 2)"]
[Site "Internet Chess Club"]
[Date "2020.08.28"]
[Round "5"]
[White "sanjayselvam"]
[Black "challenger2010"]
[Result "0-1"]
[ICCResult "White forfeits on time"]
[WhiteElo "1496"]
[BlackElo "2036"]
[Opening "Queen's pawn: London system"]
[ECO "A45"]
[NIC "QP.07"]
[Time "20:51:02"]
[TimeControl "180+2"]

1. d4 Nf6 2. Bf4 g6 3. e3 Bg7 4. Nf3 O-O 5. c3 d6 6. h3 Nbd7 7. Be2 c6 8.
O-O Qb6 9. Qb3 Qc7 10. Nbd2 e5 11. dxe5 dxe5 12. Bh2 Re8 13. e4 Nc5 14. Qc4
b6 15. Bd1 Ba6 16. Qb4 Bxf1 17. Kxf1 Nh5 18. Qc4 Nf4 19. b4 Nce6 20. h4 a5
21. a4 axb4 22. cxb4 b5 23. Qc1 bxa4 24. Nc4 Nd3 25. Qe3 Nxb4 26. Nfxe5 Qa7
27. Qa3 Qd4 28. Rc1 c5 29. Be2 Qd8 30. Rd1 Nd4 {White forfeits on time} 0-1

[Event "ICC tourney 1979 (3 2)"]
[Site "Internet Chess Club"]
[Date "2020.08.28"]
[Round "5"]
[White "Viking21"]
[Black "SuperBlueSky"]
[Result "1-0"]
[ICCResult "Black forfeits on time"]
[WhiteElo "1510"]
[BlackElo "1359"]
[Opening "Giuoco Piano: Anderssen variation"]
[ECO "C54"]
[NIC "IG.02"]
[Time "20:50:39"]
[TimeControl "180+2"]

1. e4 e5 2. Nf3 Nc6 3. Bc4 Bc5 4. c3 Nf6 5. d4 exd4 6. e5 d5 7. Bb5 Ne4 8.
cxd4 Bb4+ 9. Nbd2 Bd7 10. Bd3 Bxd2+ 11. Bxd2 Nxd2 12. Qxd2 O-O 13. O-O f6
14. Rfe1 Bg4 15. Be2 fxe5 16. dxe5 Ne7 17. Ng5 Bxe2 18. Rxe2 Qd7 19. e6 Qd6
20. Nf7 Rxf7 21. exf7+ Kxf7 22. Rae1 Re8 23. Qg5 Qf6 24. Qh5+ Qg6 25. Qf3+
Qf6 26. Qb3 b6 27. Re3 Kg8 28. Rf3 Qd6 29. Qa4 {Black forfeits on time} 1-0

[Event "ICC tourney 1979 (3 2)"]
[Site "Internet Chess Club"]
[Date "2020.08.28"]
[Round "5"]
[White "cjcardoso"]
[Black "Chesschamp27"]
[Result "0-1"]
[ICCResult "White resigns"]
[WhiteElo "1407"]
[BlackElo "1488"]
[Opening "French: Tarrasch, open variation"]
[ECO "C07"]
[NIC "FR.18"]
[Time "20:50:36"]
[TimeControl "180+2"]

1. e4 e6 2. d4 d5 3. Nd2 c5 4. dxc5 Bxc5 5. exd5 Qxd5 6. Ngf3 Nf6 7. Bc4 Qd8
8. O-O O-O 9. Nb3 Bb6 10. Bg5 h6 11. Bh4 Nc6 12. Qe2 Qe7 13. c3 Bd7 14. Rad1
Rfe8 15. Ne5 Nxe5 16. Qxe5 Bc6 17. Nd4 Bc7 18. Nxc6 Bxe5 19. Nxe7+ Rxe7 20.
f4 Bc7 21. f5 exf5 22. Rxf5 Re4 23. Bxf6 Rxc4 24. Bd4 Rc6 25. Rdf1 Rf8 26.
Rb5 b6 27. Rbf5 Re6 28. R5f2 f6 29. g3 Rfe8 30. Kg2 Re2 31. a3 R2e6 32. Kf3
Kf7 33. Rd2 Kg6 34. Kg4 Re2 35. Rf2 R2e4+ 36. Kf3 Kf5 37. Rde2 Rxe2 38. Rxe2
Rxe2 39. Kxe2 Ke4 40. h3 Bxg3 41. b3 Be5 42. Kf2 Bxd4+ 43. cxd4 Kxd4
{White resigns}
0-1

[Event "ICC tourney 1979 (3 2)"]
[Site "Internet Chess Club"]
[Date "2020.08.28"]
[Round "5"]
[White "Kinawa"]
[Black "drberkley"]
[Result "0-1"]
[ICCResult "White forfeits on time"]
[WhiteElo "1552"]
[BlackElo "1568"]
[Opening "Pirc: Austrian attack"]
[ECO "B09"]
[NIC "PU.06"]
[Time "20:50:58"]
[TimeControl "180+2"]

1. e4 d6 2. d4 Nf6 3. Nc3 g6 4. f4 Bg7 5. Nf3 O-O 6. h3 Na6 7. Bxa6 bxa6 8.
O-O Bb7 9. Qe2 Nh5 10. Qf2 Nf6 11. Qe1 c5 12. dxc5 dxc5 13. e5 Nd5 14. Nxd5
Qxd5 15. Be3 f6 16. exf6 exf6 17. a3 Rfe8 18. Rd1 Qc6 19. Qf2 Rac8 20. Rfe1
f5 21. c3 h6 22. Nd2 Rcd8 23. Nf3 Qe4 24. Bxc5 Rxd1 25. Rxd1 Qxf4 26. Bxa7
Bxf3 27. Qxf3 Qxf3 28. gxf3 Re2 29. Rb1 Bf6 {White forfeits on time} 0-1

[Event "ICC tourney 1979 (3 2)"]
[Site "Internet Chess Club"]
[Date "2020.08.28"]
[Round "5"]
[White "hursha6b5"]
[Black "AJRChess2011"]
[Result "1-0"]
[ICCResult "Black forfeits on time"]
[WhiteElo "1579"]
[BlackElo "1386"]
[Opening "Sicilian: accelerated fianchetto, modern variation with Bc4"]
[ECO "B35"]
[NIC "SI.33"]
[Time "20:50:38"]
[TimeControl "180+2"]

1. e4 c5 2. Nf3 Nc6 3. d4 cxd4 4. Nxd4 g6 5. Nc3 Bg7 6. Be3 Nf6 7. Bc4 O-O
8. Bb3 a5 9. O-O a4 10. Nxa4 Nxe4 11. Nb5 Ra6 12. c4 d6 13. Qe2 Bd7 14. f3
Nf6 15. Rad1 Nb4 16. a3 Nc6 17. Nac3 Ne5 18. c5 Be6 19. Bxe6 fxe6 20. Kh1
Nh5 21. Qf2 Ng4 22. Qe2 Nxe3 23. Qxe3 Be5 24. g3 Qc8 25. f4 Bf6 26. cxd6
exd6 27. Nxd6 Qc6+ 28. Qe4 Qb6 29. Qxe6+ Kh8 30. Nf7+ Kg7 31. Qxb6 Rxb6 32.
Ne5 Rxb2 33. Rd7+ Kg8 34. Ng4 Bxc3 35. Rc1 Bg7 36. Rcc7 Rb1+ 37. Kg2 Rb2+
38. Kh3 {Black forfeits on time} 1-0

[Event "ICC tourney 1979 (3 2)"]
[Site "Internet Chess Club"]
[Date "2020.08.28"]
[Round "5"]
[White "rcsong"]
[Black "CastledQueen"]
[Result "1-0"]
[ICCResult "Black resigns"]
[WhiteElo "1440"]
[BlackElo "1484"]
[Opening "English opening"]
[ECO "A16"]
[NIC "EO.61"]
[Time "20:50:35"]
[TimeControl "180+2"]

1. c4 Nf6 2. Nc3 c6 3. e4 Qc7 4. d4 d6 5. Nf3 g6 6. Be2 Nbd7 7. O-O Bg7 8.
Be3 O-O 9. Qd2 Re8 10. Bh6 Bh8 11. a3 e5 12. d5 c5 13. b4 a6 14. Rfc1 Ng4
15. Bg5 f5 16. exf5 e4 17. Nh4 Nde5 18. h3 Nf6 19. fxg6 hxg6 20. bxc5 Qxc5
21. Be3 Qc7 22. Bd4 Nxc4 23. Bxc4 Qxc4 24. Nxg6 Bg7 25. Qe3 Qc7 26. Nxe4 Qf7
27. Nxf6+ Bxf6 28. Qg3 Bxd4 29. Ne7+ Kh7 30. Qh4+ Kg7 31. Qxd4+ Kf8 32. Re1
Rxe7 33. Qh8+ Qg8 34. Qxg8+ Kxg8 35. Rxe7 Bf5 36. Rae1 Bg6 37. Rd7 Rc8 38.
Rxb7 Bd3 39. Rd7 Bb5 40. Rxd6 Kf7 41. Rde6 Rd8 42. Re7+ Kf8 43. R7e5 Kf7 44.
g3 Bc4 45. R1e4 Bd3 46. Rd4 Bb5 47. d6 Bd7 48. Re7+ Kf8 49. Rf4+ Kg8 50.
Rff7 Be8 51. Rg7+ Kf8 52. d7 Bh5 53. g4 Bxg4 54. hxg4 a5 55. Rh7 Kg8 56.
Re8+ Kxh7 57. Rxd8 {Black resigns} 1-0

[Event "ICC tourney 1979 (3 2)"]
[Site "Internet Chess Club"]
[Date "2020.08.28"]
[Round "5"]
[White "clair"]
[Black "stephenwilly"]
[Result "1-0"]
[ICCResult "Black forfeits on time"]
[WhiteElo "1280"]
[BlackElo "1444"]
[Opening "Queen's pawn"]
[ECO "A40"]
[NIC "QO.17"]
[Time "20:50:36"]
[TimeControl "180+2"]

1. d4 e6 2. Bf4 d5 3. e3 c5 4. c3 Nc6 5. Nd2 Nf6 6. Ngf3 Bd7 7. Bd3 c4 8.
Bc2 Be7 9. h3 h6 10. O-O g5 11. Bh2 g4 12. Ne5 gxh3 13. gxh3 Rg8+ 14. Kh1
Nxe5 15. dxe5 Ne4 16. Bxe4 dxe4 17. Nxc4 Qc7 18. Nd6+ Kf8 19. Rg1 Bxd6 20.
Rxg8+ Kxg8 21. Qg1+ Kh7 22. exd6 Qc6 23. Qg3 Rg8 24. Qf4 f5 25. Rg1 Rxg1+
26. Kxg1 Qb5 27. b3 Qe2 28. Qh4 Qe1+ 29. Kg2 Qxc3 30. Qe7+ Qg7+ 31. Bg3 Qxe7
32. dxe7 Kg7 33. Bd6 Kf7 34. b4 Bc6 35. a3 a6 36. Kg3 b5 37. Kf4 Kf6 38. h4
h5 39. Bc5 Be8 40. Bd6 Bd7 41. Bc5 e5+ 42. Kg3 Ke6 43. f4 Bc6 44. Kf2 exf4
45. exf4 Kf7 46. Ke3 Kf6 47. Kd4 Ke6 48. Ke3 Kd5 49. Bd4 Kc4 50. Bc5 Kb3 51.
Kd4 Kxa3 52. Ke5 Kb3 53. Kxf5 Kc4 54. Kf6 Kd5 55. Be3 Be8 56. f5 Kd6 57.
Bf4+ Kd7 58. Be3 {Black forfeits on time} 1-0

[Event "ICC tourney 1979 (3 2)"]
[Site "Internet Chess Club"]
[Date "2020.08.28"]
[Round "5"]
[White "Aadarsh99"]
[Black "QueenHM"]
[Result "1/2-1/2"]
[ICCResult "Game drawn by mutual agreement"]
[WhiteElo "1364"]
[BlackElo "1435"]
[Opening "Queen's pawn game"]
[ECO "A46"]
[NIC "QP.06"]
[Time "20:50:36"]
[TimeControl "180+2"]

1. d4 Nf6 2. Nf3 c5 3. e3 g6 4. g3 Bg7 5. Bg2 cxd4 6. exd4 O-O 7. O-O d5 8.
Re1 Bg4 9. Nc3 e6 10. Bg5 h6 11. Bf4 Nc6 12. Qd3 Bf5 13. Qd2 g5 14. Be5 Nxe5
15. dxe5 Ne4 16. Qe2 Nxc3 17. bxc3 Qc7 18. Qd2 Rac8 19. Re3 Be4 20. Qd4 a6
21. Rc1 Qc4 22. Qxc4 Rxc4 23. Rb1 Bxf3 24. Bxf3 b5 25. Rb3 Rfc8 26. Bg2 d4
27. cxd4 Rxd4 28. Re2 Rc5 29. Rbe3 a5 30. c3 Rd1+ 31. Bf1 b4 32. cxb4 axb4
33. Kg2 Rcc1 34. Rb3 Rxf1 35. Rxb4 Rg1+ 36. Kf3 Rc3+ 37. Kg4 f5+ 38. exf6
Bxf6 39. a4 Rd1 40. Rb8+ Kg7 41. Ra8 Rd4+ 42. Kh3 g4+ 43. Kg2 Ra3 44. a5
Rda4 45. Rxe6 Rxa5 46. Rae8 Rf3 47. Re2 Raf5 48. Rc8 h5 49. Rc7+ Kg6 50.
Rcc2 Kg5 51. h4+ gxh3+ 52. Kxh3 Rd5 53. Kg2 Rdf5 54. Kh3 Kg6 55. Kg2 h4 56.
gxh4 Bxh4 57. Rc6+ Bf6 58. Rcc2 Kg5 59. Ra2 Bd4 60. Rac2 Bxf2 61. Rxf2 Rxf2+
62. Rxf2 Ra5 63. Re2 Kg4 64. Re4+ Kg5 65. Re2 Ra3 66. Rf2 Ra4 67. Re2 Kg4
68. Kf2 Ra3 69. Kg2 Rc3 70. Rf2 Rd3 71. Kh2 Rh3+ 72. Kg2 Rg3+ 73. Kf1 Ra3
74. Kg2 Rb3 75. Kf1 {Game drawn by mutual agreement} 1/2-1/2

[Event "ICC tourney 1979 (3 2)"]
[Site "Internet Chess Club"]
[Date "2020.08.28"]
[Round "5"]
[White "Alec-hine"]
[Black "MIEMBR"]
[Result "1/2-1/2"]
[ICCResult "Game drawn by repetition"]
[WhiteElo "1676"]
[BlackElo "1538"]
[Opening "Trompowsky attack (Ruth, Opocenský opening)"]
[ECO "A45"]
[NIC "QP.07"]
[Time "20:50:38"]
[TimeControl "180+2"]

1. d4 Nf6 2. Bg5 Ne4 3. Bf4 d5 4. Nd2 c5 5. Nxe4 dxe4 6. e3 cxd4 7. Qxd4
Qxd4 8. exd4 Bf5 9. Ne2 e6 10. Ng3 Bg6 11. O-O-O Nc6 12. Bb5 Be7 13. Rhe1 f5
14. d5 exd5 15. Rxd5 O-O 16. Rd7 Bf6 17. c3 Ne5 18. Bxe5 Bxe5 19. Rxb7 a6
20. Bc4+ Kh8 21. Rd1 Rfd8 22. Rdd7 Rxd7 23. Rxd7 Bf4+ 24. Kc2 a5 25. Bf7
Bxf7 26. Rxf7 g6 27. Ne2 Be5 28. Rd7 f4 29. Nd4 Re8 30. Ra7 e3 31. fxe3 fxe3
32. Ne2 Rd8 33. Nd4 Bxd4 34. cxd4 Re8 35. Kd1 Re4 36. Rxa5 Rxd4+ 37. Ke2
Rd2+ 38. Kxe3 Rxb2 39. Kf3 Kg7 40. Ra6 Rb1 41. h3 Ra1 42. a4 Ra3+ 43. Kf2
Ra2+ 44. Kf3 Ra3+ 45. Ke4 Rg3 46. Ra7+ Kh6 47. a5 Rxg2 48. Kf3 Rc2 49. a6
Ra2 50. Ra8 Ra4 51. a7 Kg7 52. Kg3 Kh6 53. Kh2 Kg7 54. Kg2 Ra3 55. Kf2 Ra4
56. Kf3 Ra3+ 57. Ke4 Ra4+ 58. Kd5 Ra1 59. Ke6 Re1+ 60. Kd7 Rd1+ 61. Kc6 Ra1
62. Kd5 Ra2 63. Ke4 Ra1 64. Kf4 Ra4+ 65. Kg3 Ra3+ 66. Kg4 Ra4+ 67. Kf3 Ra3+
68. Ke2 Ra2+ 69. Kd3 Ra1 70. Kc2 Ra5 71. Kc3 Ra1 72. Kb2 Ra6 73. Kb3 Ra1 74.
Kb4 Rb1+ 75. Ka5 Ra1+ 76. Kb6 Rb1+ 77. Kc7 Ra1 78. Kd6 Ra2 79. h4 Ra3 80.
Ke5 Ra5+ 81. Kf4 Ra4+ 82. Kg3 Ra3+ 83. Kg2 Ra2+ 84. Kg3 Ra3+ 85. Kg2 Ra2+
86. Kg3 Ra3+ 87. Kg2 Ra2+ 88. Kg3 Ra3+ 89. Kg2 Ra2+ {Game drawn by
repetition} 1/2-1/2

[Event "ICC tourney 1979 (3 2)"]
[Site "Internet Chess Club"]
[Date "2020.08.28"]
[Round "5"]
[White "Snuffleupegus"]
[Black "shrey16ultimate"]
[Result "1/2-1/2"]
[ICCResult "Game drawn because neither player has mating material"]
[WhiteElo "1500"]
[BlackElo "1460"]
[Opening "Réti: old Indian attack"]
[ECO "A06"]
[NIC "QP.09"]
[Time "20:50:44"]
[TimeControl "180+2"]

1. Nf3 d5 2. d3 Nf6 3. g3 Bf5 4. Bg2 e6 5. O-O c5 6. Bf4 Nc6 7. Nbd2 Be7 8.
Ne5 Bd6 9. Nxc6 bxc6 10. Bxd6 Qxd6 11. Re1 Bg6 12. e4 dxe4 13. Nxe4 Nxe4 14.
Bxe4 Bxe4 15. Rxe4 Rb8 16. b3 O-O 17. Qf3 Qd5 18. Rae1 f5 19. R4e3 Qxf3 20.
Rxf3 Rbe8 21. Rfe3 Rf6 22. f4 Kf7 23. Re5 Rc8 24. Rxc5 Rc7 25. a4 h6 26. c4
g5 27. fxg5 hxg5 28. Kg2 Rh6 29. h3 Rh8 30. Rce5 Re7 31. d4 Rd8 32. d5 cxd5
33. cxd5 Rxd5 34. Rxd5 exd5 35. Rd1 Rd7 36. Rd3 Kg6 37. Kf3 a5 38. g4 f4 39.
Rc3 Rb7 40. Rd3 Rd7 41. h4 gxh4 42. Kxf4 Rf7+ 43. Ke5 Rd7 44. Ke6 Rd8 45.
Ke7 Rb8 46. Rxd5 Rxb3 47. Rh5 h3 48. Rxa5 Rb4 49. Rh5 Rxa4 50. Rxh3 Rxg4 51.
Ke6 Re4+ 52. Kd5 Rf4 53. Ke5 Ra4 54. Rg3+ Kf7 55. Rg4 Ra5+ 56. Kd6 Kf6 57.
Rf4+ Kg5 58. Rd4 Ra8 59. Ke5 Re8+ 60. Kd5 Rd8+ 61. Ke4 Re8+ 62. Kd3 Kf5 63.
Rd5+ Kf4 64. Kc4 Rc8+ 65. Kb5 Ke4 66. Rd1 Ke3 67. Re1+ Kd2 68. Rh1 Rb8+ 69.
Kc4 Rc8+ 70. Kd4 Kc2 71. Rh2+ Kb3 72. Rh1 Rd8+ 73. Ke5 Rc8 74. Rb1+ Ka4 75.
Kd5 Ka3 76. Rb7 Ka4 77. Rb1 Ka5 78. Kd4 Ka6 79. Ra1+ Kb7 80. Rb1+ Ka7 81.
Ra1+ Kb6 82. Rb1+ Ka5 83. Ra1+ Kb4 84. Rb1+ Ka3 85. Ra1+ Kb2 86. Ra7 Kc2 87.
Kd5 Rd8+ 88. Kc6 Rh8 89. Rc7 Kd3 90. Kb7 Rh1 91. Kc8 Rd1 92. Rd7+ Kc2 93.
Rxd1 Kxd1 {Game drawn because neither player has mating material} 1/2-1/2